Map: Ephemeron LE

Players

Serral - Winner!

  • Race: Zerg Zerg
  • Spawn Location: 11:00

Reynor

  • Race: Zerg Zerg
  • Spawn Location: 5:00

VOD

Have the link to the VOD?

Description

Time

  • Played on: Sept. 8, 2019, 6:01 p.m.
  • Length: 7:30
Show
View Real Time Build Order
Export as new Build Order

Serral Zerg - Winner!

Build Orders: Hatch First 

Get SALT Encoding   

  12  0:00  Drone  
  13  0:12  Overlord  
  13  0:17  Drone  
  14  0:30  Drone x2  
  16  0:48  Hatchery  
  15  0:51  Drone  
  15  0:55  Drone  
  17  0:59  Drone  
  18  1:09  Extractor  
  17  1:14  Spawning Pool  
  17  1:17  Drone  
  17  1:20  Drone  
  18  1:28  Drone  
  19  1:38  Drone  
  20  1:49  Drone  
  21  2:00  Overlord, Queen x2  
  25  2:02  Zergling x2  
  26  2:11  Drone  
  26  2:12  Drone, Metabolic Boost  
  28  2:23  Drone x2  
  30  2:35  Hatchery  
  30  2:37  Drone  
  30  2:39  Drone  
  31  2:45  Baneling Nest  
  31  2:46  Drone  
  31  2:48  Zergling x2  
  32  2:54  Zergling x2  
  32  2:55  Overlord  
  33  3:05  Drone x2  
  35  3:08  Drone  
  36  3:13  Drone x3  
  36  3:14  Zergling x2  
  36  3:16  Overlord  
  40  3:20  Zergling x2  
  40  3:24  Drone  
  42  3:27  Queen  
  42  3:29  Baneling  
  44  3:35  Evolution Chamber  
  44  3:36  Drone x2  
  44  3:39  Drone  
  44  3:40  Drone  
  47  3:42  Drone  
  47  3:43  Drone  
  47  3:45  Drone  
  47  3:46  Drone  
  51  3:55  Lair  
  50  3:56  Drone x2  
  50  3:58  Zergling x2  
  50  3:59  Drone  
  50  4:02  Overlord  
  54  4:04  Drone  
  54  4:06  Drone  
  54  4:09  Zerg Missile Weapons Level 1  
  56  4:17  Drone x2, Roach Warren  
  56  4:19  Extractor  
  56  4:20  Zergling x2, Extractor  
  56  4:21  Drone  
  57  4:25  Drone x2  
  57  4:30  Drone x4  
  63  4:34  Overlord  
  63  4:37  Drone  
  63  4:39  Drone  
  63  4:41  Drone  
  65  4:46  Overlord, Extractor  
  65  4:48  Extractor  
  65  4:49  Overlord  
  63  4:53  Overlord  
  63  4:57  Glial Reconstitution  
  63  4:58  Overlord  
  63  4:59  Drone  
  65  5:00  Drone x3  
  67  5:08  Overlord  
  67  5:19  Roach x5  
  67  5:20  Roach x5  
  87  5:28  Roach x4  
  94  5:33  Nydus Network  
  93  5:36  Overlord  
  93  5:37  Overlord  
  93  5:38  Overseer  
  93  5:43  Roach x2  
  93  5:46  Overlord, Extractor  
  93  5:49  Roach x3  
  102  5:53  Overlord  
  102  5:56  Roach x3  
  109  6:02  Roach x2  
  113  6:10  Nydus Canal  
  121  6:11  Roach x4  
  121  6:13  Roach  
  123  6:20  Roach  
  123  6:21  Nydus Canal, Roach x2  
  123  6:25  Roach  
  127  6:26  Roach  
  127  6:27  Roach  
  127  6:29  Roach x2  
  130  6:37  Overlord x2  
  125  6:40  Roach x2  
  125  6:41  Roach  
  125  6:43  Roach  
  125  6:46  Nydus Canal  
  125  6:47  Roach x2  
  125  6:51  Roach x2  
  125  6:52  Roach  
  125  6:55  Roach  
  125  6:56  Roach  
  125  6:58  Roach  
  125  7:00  Roach  
  123  7:03  Roach x2  
  123  7:07  Nydus Canal  
  125  7:10  Roach  
  125  7:11  Roach  
Show
View Real Time Build Order
Export as new Build Order

Reynor Zerg 

Build Orders: Hatch First 

Get SALT Encoding   

  12  0:00  Drone  
  13  0:12  Overlord  
  13  0:16  Drone  
  14  0:30  Drone x2  
  16  0:47  Hatchery  
  15  0:50  Drone  
  15  0:54  Drone  
  17  0:57  Drone  
  18  1:08  Extractor  
  17  1:13  Spawning Pool  
  17  1:16  Drone  
  17  1:20  Drone  
  18  1:27  Drone  
  19  1:38  Drone  
  20  1:48  Overlord  
  20  1:59  Drone  
  20  2:00  Drone, Queen x2  
  26  2:10  Drone  
  26  2:11  Drone, Metabolic Boost  
  28  2:21  Zergling x2  
  28  2:22  Drone  
  30  2:32  Hatchery  
  30  2:35  Drone  
  30  2:38  Drone  
  31  2:45  Drone, Baneling Nest  
  31  2:47  Drone  
  32  2:52  Overlord  
  32  2:55  Drone  
  33  3:04  Drone x2  
  35  3:09  Drone  
  35  3:11  Zergling x4  
  35  3:12  Drone x3  
  41  3:18  Overlord  
  41  3:22  Queen  
  41  3:25  Zergling x2  
  44  3:29  Baneling  
  44  3:31  Evolution Chamber, Zergling x2  
  44  3:39  Drone x5  
  49  3:42  Overlord  
  49  3:44  Drone  
  49  3:45  Drone  
  49  3:48  Drone  
  51  3:49  Drone  
  52  3:56  Overlord  
  52  3:57  Drone  
  52  3:58  Drone  
  52  3:59  Zerg Missile Weapons Level 1  
  54  4:06  Drone x3  
  57  4:12  Drone x3  
  57  4:15  Roach Warren  
  59  4:18  Lair  
  59  4:22  Drone x2, Extractor  
  59  4:24  Drone, Extractor  
  59  4:27  Overlord  
  59  4:28  Drone  
  59  4:29  Drone  
  62  4:32  Drone  
  62  4:33  Drone x2  
  62  4:38  Baneling  
  64  4:39  Drone x2  
  64  4:40  Drone  
  64  4:43  Overlord  
  64  4:44  Zergling x4  
  69  4:52  Overlord  
  69  4:53  Drone x2  
  69  4:57  Extractor  
  69  4:58  Extractor  
  69  4:59  Pneumatized Carapace, Extractor  
  68  5:01  Baneling  
  68  5:03  Drone x8  
  76  5:15  Overlord  
  76  5:17  Drone x2  
  77  5:26  Overseer  
  77  5:27  Roach x3  
  83  5:30  Roach x6  
  83  5:34  Hatchery  
  93  5:36  Glial Reconstitution, Roach  
  93  5:39  Overlord  
  93  5:42  Roach x3  
  101  5:45  Roach  
  101  5:48  Overlord  
  103  5:50  Roach  
  103  5:52  Overlord  
  105  5:58  Roach x4  
  105  6:02  Overlord x2  
  105  6:03  Spine Crawler  
  105  6:04  Overlord, Spine Crawler  
  111  6:08  Roach x2  
  111  6:10  Spine Crawler  
  111  6:11  Ravager  
  115  6:12  Roach  
  115  6:16  Roach x2  
  121  6:19  Roach  
  121  6:20  Roach  
  121  6:22  Roach  
  121  6:23  Roach  
  119  6:25  Roach  
  119  6:26  Roach  
  119  6:30  Roach x2  
  119  6:32  Roach x3  
  119  6:37  Roach x2  
  119  6:39  Roach  
  123  6:40  Roach  
  123  6:44  Roach  
  110  6:49  Roach x3  
  110  6:50  Roach  
  110  6:51  Roach  
  105  6:58  Roach  
  105  6:59  Roach  
  100  7:03  Roach x2  
  100  7:04  Roach x2  
  101  7:08  Roach  
Tags
 
Add a new tag
Caveats
  • Supply blocks, unpowered buildings, or Contaminate may cause inaccurate times.
  • Supply counts are checked every 10 seconds.